 Dungeon Crawl Stone Soup version 0.18-a0-1745-gffa9a88 (webtiles) character file.

179 MrRokkomies the Cutter (level 5, -2/35 HPs)
             Began as a Kobold Abyssal Knight on Apr 12, 2016.
             Was a Believer of Lugonu.
             Slain by a killer bee (8 damage)
             ... on level 3 of the Dungeon.
             The game lasted 00:06:28 (2030 turns).

MrRokkomies the Cutter (Kobold Abyssal Knight)      Turns: 2030, Time: 00:06:29

Health: -2/35      AC:  8    Str: 10    XL:     5   Next: 90%
Magic:  6/6        EV: 13    Int: 11    God:    Lugonu [**....]
Gold:   139        SH:  0    Dex: 16    Spells: 0 memorised, 4 levels left

rFire  . . .     SeeInvis .     a - +1 short sword
rCold  . . .     Gourm    .     e - +0 ring mail
rNeg   . . .     Faith    .     (shield restricted)
rPois  .         Spirit   .     d - +2 helmet
rElec  .         Dismiss  .     (no cloak)
rCorr  .         Reflect  .     (no gloves)
SustAt .         Harm     .     (no boots)
MR     +....                    (no amulet)
Stlth  +.........               (no ring)
                                n - ring of protection from magic

@: somewhat resistant to hostile enchantments, very unstealthy
A: carnivore 3
a: Depart the Abyss, Bend Space, Renounce Religion


You were on level 3 of the Dungeon.
You worshipped Lugonu.
Lugonu was pleased with you.
You were full.

You visited 1 branch of the dungeon, and saw 3 of its levels.
You visited the Abyss 1 time.

You collected 139 gold pieces.

Inventory:

Hand Weapons
 a - a +1 short sword (weapon)
Missiles
 j - 26 poisoned needles
Armour
 d - a +2 helmet (worn)
 e - a +0 ring mail (worn)
Jewellery
 k - an uncursed ring of ice
 n - a ring of protection from magic (left hand)
Scrolls
 g - 3 scrolls of identify
 l - 2 scrolls of immolation
 m - a scroll of enchant armour
Comestibles
 b - 2 beef jerkies
 c - a meat ration
 f - a slice of pizza


   Skills:
 * Level 5.2 Fighting
 * Level 5.5 Short Blades
 - Level 0.7 Armour
 - Level 2.4 Dodging
 - Level 2.0 Invocations


You had 4 spell levels left.
You didn't know any spells.

Dungeon Overview and Level Annotations

Branches:
Dungeon (3/15)

Altars:
Fedhas
Gozag
Qazlal


Innate Abilities, Weirdness & Mutations

You are small and have problems with some larger weapons.
You are carnivorous and can eat meat at any time.


Message History

Okay, then.
You aren't carrying any potions.
Unknown command.
You closely miss the killer bee.
The killer bee is heavily wounded.
The killer bee misses you. x2
You hit the killer bee but do no damage.
The killer bee is heavily wounded.
The killer bee stings you but does no damage.
You closely miss the killer bee.
The killer bee is heavily wounded.
The killer bee stings you but does no damage.
The killer bee stings you!
* * * LOW HITPOINT WARNING * * *
You hit the killer bee.
The killer bee is almost dead.
The killer bee stings you.
* * * LOW HITPOINT WARNING * * *
The killer bee stings you!
You die...

#....'................
#....#####..#########.
#....######.######
####.......#...)....##
#........#.#...).....#
#.......†#.#.........#
#........#y#.........#
#........#y#.........# #.#
#........#@#.........# #.#
#........#.#.........###.#
##########.+.............#
#.#..).....##†#.#
#####........##.#.#
.............##.#.##
.......†.....##.....
#.............####.##
#..............# #.#


You could see 2 killer bees.

Vanquished Creatures
  2 hounds (D:2)
  An orc wizard (D:2)
  A gnoll (D:2)
  3 adders
  A worm (D:3)
  A dart slug (D:1)
  2 giant geckos (D:1)
  4 orcs (D:3)
  A ball python (D:1)
  6 bats
  A giant cockroach (D:2)
  3 goblins (D:1)
  5 hobgoblins
  2 jackals (D:2)
  2 quokkas
  6 giant newts
  4 kobolds
  3 rats
48 creatures vanquished.

Vanquished Creatures (others)
  A fungus (D:3)
1 creature vanquished.

Grand Total: 49 creatures vanquished

Notes
Turn   | Place    | Note
--------------------------------------------------------------
     0 | Abyss:1  | MrRokkomies the Kobold Abyssal Knight began the quest for the Orb.
     0 | Abyss:1  | Reached XP level 1. HP: 14/14 MP: 2/2
    12 | D:1      | Escaped the Abyss
   109 | D:1      | Reached XP level 2. HP: 12/19 MP: 3/3
   685 | D:1      | Reached XP level 3. HP: 20/24 MP: 4/4
   819 | D:2      | Reached ** piety under Lugonu
   991 | D:2      | Found an opulent altar of Gozag.
  1225 | D:2      | Reached XP level 4. HP: 26/30 MP: 5/5
  1237 | D:2      | Reached XP level 5. HP: 27/34 MP: 6/6
  1275 | D:2      | Reached skill level 5 in Fighting
  1275 | D:2      | Reached skill level 5 in Short Blades
  1445 | D:3      | Found a stormy altar of Qazlal.
  1891 | D:3      | Found a blossoming altar of Fedhas.
  2030 | D:3      | Slain by a killer bee

Vault maps used:
D:1:      dpeg_arrival_chase, minmay_misc_feat_ornament
D:2:      grunt_gozag_breadcrumbs, first_bread, cheibrodos_gnoll_hut
D:3:      grunt_temple_overflow_forces_of_nature

Skill      XL: |  1  2  3  4  5 |
---------------+----------------+-----
Short Blades   | 3 4 5 |  5.5
Fighting       | 4 5 |  5.2
Armour         | |  0.7
Dodging        | |  2.4
Invocations    | |  2.0

Action                   |  1- 3 |  4- 6 || total
-------------------------+-------+-------++-------
Melee: Short sword       |   142 |   130 ||   272
  Use: Scroll            |     6 |     4 ||    10
       Potion            |     2 |     3 ||     5
 Stab: Sleeping          |     1 |       ||     1
  Eat: Chunk             |     5 |     3 ||     8
